 Dungeon Crawl Stone Soup version 0.13-a0-1693-g8ac13c1 (webtiles) character file.

1927 Koal the Conjurer (level 9, 0/45 HPs)
             Began as a Tengu Fire Elementalist on June 20, 2013.
             Shot with an arrow by a centaur (14 damage)
             ... on Level 6 of the Dungeon.
             The game lasted 00:44:23 (7510 turns).

Koal the Conjurer (Tengu Fire Elementalist)         Turns: 7510, Time: 00:44:23

HP   0/45        AC  4     Str  8      XL: 9   Next:  1%
MP  13/20        EV 12     Int 19      God:
Gold 262         SH  0     Dex 15      Spells:  4 memorised,  2 levels left

Res.Fire  : . . .   See Invis. : +   a - +4 quarterstaff (chaos)
Res.Cold  : . . .   Warding    : .   y - +0 robe
Life Prot.: . . .   Conserve   : .   (no shield)
Res.Poison: .       Res.Corr.  : .   (helmet restricted)
Res.Elec. : .       Clarity    : .   j - +0 elf cloak
Sust.Abil.: . .     Spirit.Shd : .   g - +0 pair of gloves
Res.Mut.  : .       Stasis     : .   (boots unavailable)
Res.Rott. : .       Flight     : .   (no amulet)
Saprovore : . . .                    C - ring of wizardry
                                     s - ring of see invisible

@: slightly resistant to hostile enchantments, stealthy
A: able to fly, beak, talons 3
a: Fly


You were on level 6 of the Dungeon.
You were very hungry.

You visited 1 branch of the dungeon, and saw 6 of its levels.

You collected 317 gold pieces.
You spent 75 gold pieces at shops.

Inventory:

Hand weapons
 a - a +4,+4 quarterstaff of chaos (weapon)
 b - a +1 blowgun
Missiles
 f - 17 exploding sling bullets
 h - 44 poisoned needles
 r - 12 darts of frost
 x - 2 darts (quivered)
 E - 23 sling bullets
 K - 4 curare-tipped needles
 Z - 31 stones
Armour
 g - a +0 pair of gloves (worn)
 j - a +0 elven cloak (worn)
 q - a cursed +0 elven buckler
 y - a +0 robe (worn)
Magical devices
 o - a wand of confusion (16) {unknown}
 t - a wand of paralysis (10) {unknown}
 w - a wand of magic darts (13)
 D - a wand of fireball (2)
 F - a wand of enslavement (18) {unknown}
Comestibles
 c - 5 bread rations
 z - 2 rotting chunks of elf flesh
 B - 4 meat rations
Scrolls
 d - 4 scrolls of remove curse
 k - a scroll of teleportation
 l - 5 scrolls of amnesia
 p - 2 scrolls of fear
 G - 2 scrolls of identify
Jewellery
 s - a ring of see invisible (left hand)
 C - a ring of wizardry (right hand)
 H - an uncursed ring of hunger {unknown}
Potions
 e - 6 potions of curing
 i - 3 potions of heal wounds
 m - a potion of flight {unknown}
 n - a potion of magic {unknown}
 u - a potion of beneficial mutation {unknown}
 v - 3 potions of agility
 A - a potion of brilliance {unknown}
Books
 J - a book of Flames

   Spells                             Type                      Level
   *Flame Tongue                      Conjuration/Fire             1
   Throw Flame                        Conjuration/Fire             2
   *Conjure Flame                     Conjuration/Fire             3
   Inner Flame                        Hexes/Fire                   3
   *Sticky Flame                      Conjuration/Fire             4
   *Fireball                          Conjuration/Fire             5


   Skills:
 - Level 2.1 Dodging
 - Level 2.0 Stealth
 + Level 3.8 Spellcasting
 * Level 10.8 Conjurations
 - Level 6.0 Fire Magic


You had 2 spell levels left.
You knew the following spells:

 Your Spells              Type           Power        Failure   Level  Hunger
a - Flame Tongue          Conj/Fire      #####        1%          1    None
b - Conjure Flame         Conj/Fire      #####...     1%          3    ###....
c - Sticky Flame          Conj/Fire      #####...     2%          4    ####...
d - Fireball              Conj/Fire      #####.....   5%          5    #####..


Dungeon Overview and Level Annotations

Branches:
Dungeon (6/27)
 Temple: D:4-7          Orc: D:6-11

Altars:
Nemelex Xobeh
Trog
Yredelemnul
the Shining One

Shops:
D:4: / D:5: !

Annotations
D:6 exclusion: door, Sigmund


Innate Abilities, Weirdness & Mutations

You can fly.
You have a beak for a mouth.
You have claws for feet.


Message History

The arrow hits you!
You see here 2 arrows.
Casting: Fireball
Confirm with . or Enter, or press ? or * to list all spells.
Aiming: Flame Tongue
Press: ? - help, Shift-Dir - straight line, f/p - centaur
Aim: a centaur, wielding a bow (moderately wounded)
The flame hits the centaur.
The centaur is heavily wounded.
The centaur shoots an arrow.
The arrow hits you!
Casting: Flame Tongue
Confirm with . or Enter, or press ? or * to list all spells.
Aiming: Flame Tongue
Press: ? - help, Shift-Dir - straight line, f/p - centaur
Aim: a centaur, wielding a bow (heavily wounded)
The flame hits the centaur.
The centaur is heavily wounded.
The centaur shoots an arrow.
The arrow hits you!
The centaur shoots an arrow.
The arrow hits you!
You die...

#.# #...........#.# #. #.#
#.##..........# #. #.#
#.##.<.......)# ########. #.#
#.##..#####...###........
#.#######.##>.........c..........
#.........##..#####...###.#######
###########...#.......# #.# #
#..######c..# #.# #
#######....(@.(...# #.# #
#....###.#######..# #.# # #....#
#.#######..# #.# #####....#
#.#.....#..###########
.........###.#.....#....)......<#
.........'...+.....#..###.....#.#
.........###.#.....#..# #.....#.#
#####....# #.#.....#..###.....#.#
#....###.#.....#....'.....'.#


You could see a centaur.

Vanquished Creatures
  Grinder (D:6)
  A manticore (D:5)
  Menkaure (D:6)
  2 phantoms
  2 ogres (D:4)
  Duvessa (D:6)
  A centaur (D:5)
  A giant frog skeleton (D:5)
  Dowan (D:6)
  3 crimson imps (D:6)
  Crazy Yiuf (D:2)
  An iguana (D:6)
  An orc priest (D:4)
  A scorpion (D:6)
  A goliath beetle (D:6)
  3 hounds
  A jelly (D:4)
  5 orc wizards
  7 adders
  2 giant mites
  2 worms
  A bat skeleton (D:5)
  A giant eyeball (D:4)
  4 giant geckos
  9 orcs
  2 ball pythons
  6 bats
  9 giant cockroaches
  8 goblins
  9 hobgoblins
  4 jackals (D:4)
  2 oozes
  A quokka (D:3)
  A giant gecko skeleton (D:5)
  2 giant newts
  A hobgoblin zombie (D:5)
  10 kobolds
  An orc skeleton (D:4)
  16 rats
  A rat zombie (D:5)
  A plant (D:1)
128 creatures vanquished.

Vanquished Creatures (others)
  An orc (D:4)
1 creature vanquished.

Grand Total: 129 creatures vanquished

Notes
Turn   | Place    | Note
--------------------------------------------------------------
     0 | D:1      | Koal, the Tengu Fire Elementalist, began the quest for the Orb.
     0 | D:1      | Reached XP level 1. HP: 10/10 MP: 3/3
   586 | D:1      | Reached XP level 2. HP: 13/15 MP: 3/5
  1039 | D:1      | Reached XP level 3. HP: 19/19 MP: 3/6
  1527 | D:2      | Reached skill level 4 in Fire Magic
  1648 | D:2      | Learned a level 3 spell: Conjure Flame
  1766 | D:2      | Reached XP level 4. HP: 24/24 MP: 9/9
  2180 | D:2      | Noticed Crazy Yiuf
  2227 | D:2      | Killed Crazy Yiuf
  2827 | D:3      | Reached XP level 5. HP: 28/28 MP: 11/11
  2833 | D:3      | Learned a level 4 spell: Sticky Flame
  2904 | D:4      | Noticed an ogre
  2952 | D:4      | Noticed an ogre
  2970 | D:4      | Killed an ogre
  2970 | D:4      | Reached skill level 5 in Conjurations
  2970 | D:4      | Reached skill level 5 in Fire Magic
  2970 | D:4      | Reached XP level 6. HP: 32/32 MP: 5/13
  3855 | D:4      | Found Unga's Magical Wand Emporium.
  3935 | D:4      | Found a bloodstained altar of Trog.
  3996 | D:4      | Reached skill level 6 in Conjurations
  4124 | D:4      | Reached XP level 7. HP: 25/36 MP: 14/14
  4342 | D:4      | Killed an ogre
  4959 | D:5      | Entered Level 5 of the Dungeon
  4977 | D:5      | Reached skill level 7 in Conjurations
  5100 | D:5      | Found Xuesmot's Distillery.
  5113 | D:5      | Bought a potion of heal wounds for 30 gold pieces
  5113 | D:5      | Bought a potion of poison for 10 gold pieces
  5113 | D:5      | Bought a potion of poison for 10 gold pieces
  5113 | D:5      | Bought a potion of agility for 25 gold pieces
  5273 | D:5      | Found a basalt altar of Yredelemnul.
  5403 | D:5      | Found a sparkling altar of Nemelex Xobeh.
  5637 | D:5      | Reached skill level 8 in Conjurations
  5669 | D:5      | Reached XP level 8. HP: 28/41 MP: 18/18
  5996 | D:5      | Learned a level 5 spell: Fireball
  6079 | D:6      | Reached skill level 9 in Conjurations
  6240 | D:6      | Noticed Sigmund
  6289 | D:6      | Noticed Menkaure
  6294 | D:6      | Killed Menkaure
  6342 | D:6      | Noticed Grinder
  6808 | D:6      | Paralysed by Grinder for 6 turns
  6820 | D:6      | Killed Grinder
  6820 | D:6      | Reached skill level 10 in Conjurations
  7000 | D:6      | Found a glowing golden altar of the Shining One.
  7183 | D:6      | Noticed Duvessa
  7183 | D:6      | Noticed Dowan
  7190 | D:6      | Killed Duvessa
  7194 | D:6      | Killed Dowan
  7342 | D:6      | Reached XP level 9. HP: 43/45 MP: 14/20
  7510 | D:6      | Shot with an arrow by a centaur

Action                   |  1- 3 |  4- 6 |  7- 9 || total
-------------------------+-------+-------+-------++-------
Melee: Mace              |    42 |     6 |       ||    48
       Quarterstaff      |       |    32 |    98 ||   130
 Fire: Blowgun           |       |       |    20 ||    20
Throw: Stone             |    15 |    38 |    17 ||    70
       Dart              |    40 |    97 |   110 ||   247
 Cast: Flame Tongue      |    28 |    30 |    27 ||    85
       Conjure Flame     |       |     7 |     5 ||    12
       Sticky Flame      |       |       |     6 ||     6
       Fireball          |       |       |     1 ||     1
 Abil: Fly               |       |     1 |     2 ||     3
Evoke: Wand              |       |     1 |     1 ||     2
  Use: Scroll            |       |    14 |     1 ||    15
       Potion            |       |       |     1 ||     1
 Stab: Sleeping          |       |     1 |     2 ||     3
       Paralysed         |       |       |     1 ||     1
